 Dungeon Crawl Stone Soup version 0.29.1-15-g9cfb28693d (webtiles) character file.

Game seed: 9165006199786258233

96 Cheops the Ruffian (level 4, -4/38 HPs)
             Began as a Ghoul Monk on Apr 28, 2023.
             Slain by Sigmund
             ... wielding a +4 scythe
              (8 damage)
             ... on level 3 of the Dungeon.
             The game lasted 00:02:04 (1745 turns).

Cheops the Ruffian (Ghoul Monk)                     Turns: 1745, Time: 00:02:05

Health: -4/38      AC:  4    Str: 14    XL:     4   Next: 67%
Magic:  3/3        EV: 13    Int:  5    God:
Gold:   153        SH:  0    Dex: 13    Spells: 3/3 levels left

rFire   + . .      SeeInvis .     - Unarmed
rCold   + + .      Faith    .   (no shield)
rNeg    + + +      Spirit   .   l - +1 robe {rC+ rF+}
rPois   ∞          Reflect  .   (no helmet)
rElec   .          Harm     .   h - +0 cloak
rCorr   .          Rampage  .   (no gloves)
Will    .....                   (no boots)
Stlth   ++........              i - amulet of the acrobat
HPRegen 0.00/turn               (no ring)
MPRegen 0.08/turn               (no ring)

@: inhibited regen
A: claws 1, cold resistance 1, negative energy resistance 3, inhibited
regeneration, torment resistance 2, devour on kill
a: no special abilities


You were on level 3 of the Dungeon.
You visited 1 branch of the dungeon, and saw 3 of its levels.

You collected 153 gold pieces.

Inventory:

Armour
 a - a +0 robe
 h - a +0 cloak (worn)
 l - a +1 robe of resistance (worn)
Jewellery
 i - an amulet of the acrobat (around neck)
Scrolls
 c - a scroll of blinking {unknown}
 e - a scroll of summoning {unknown}
 f - a scroll of enchant armour {unknown}
 g - a scroll of vulnerability {unknown}
 j - 2 scrolls of teleportation {unknown}
 k - a scroll of poison {unknown}
 q - a scroll of fear {unknown}
Potions
 b - a potion of ambrosia
 d - a potion of brilliance {unknown}
 m - a potion of heal wounds {unknown}
 n - a potion of might {unknown}
 o - a potion of magic {unknown}
 p - a potion of cancellation {unknown}


   Skills:
 - Level 3.2 Fighting
 + Level 3.5 Dodging
 - Level 2.1 Stealth
 * Level 5.1 Unarmed Combat


You had 3 spell levels left.
You didn't know any spells.
Your spell library was empty.

Dungeon Overview and Level Annotations

Branches:
Dungeon (3/15)

Altars:

Annotations:
D:3 Sigmund


Innate Abilities, Weirdness & Mutations

You are immune to poison.
You have sharp fingernails.
Your flesh is cold resistant. (rC+)
You are immune to negative energy. (rN+++)
You do not regenerate when monsters are visible.
You are immune to unholy pain and torment.
You thrive by killing the living.


Message History

No target in view!
No target in view!
No target in view!
No target in view!
You now have 137 gold pieces (gained 11).
You now have 143 gold pieces (gained 6).
You now have 153 gold pieces (gained 10).
An adder comes into view.
The adder moves out of view.
Sigmund the Dreaded comes into view.
He is wielding a +4 scythe.
Sigmund shouts!
Sigmund is nearby!
Sigmund is nearby!
Sigmund is nearby!
Okay, then.
Okay, then.
Unknown command.
Sigmund casts a spell.
Sigmund flickers and vanishes!
Deactivating autopickup; reactivate with Ctrl-A.
No target in view!
No target in view!
No target in view!
No target in view!
There is a strange disturbance nearby!
There is a strange disturbance nearby!
There is a strange disturbance nearby!
You scratch something. You scratch something.
You scratch something but do no damage. You claw something! Something hits you!
You miss something. Something hits you!
* * * LOW HITPOINT WARNING * * *
You closely miss something. You claw something! Something hits you.
* * * LOW HITPOINT WARNING * * *
You closely miss something. You closely miss something. Something hits you!
* * * LOW HITPOINT WARNING * * *
You scratch something. Something hits you!
You die...

#..........................†....
###..#####...........##.........
###..###.....###.###.#...#######
#......##..### #.......###
#......#...# #.....#...#####
#....[...#.....####........#####
............##### ##.............
.........##########........######
...............{@..........#
.........###########.......#
.........# ######### ##########


There were no monsters in sight!

Vanquished Creatures
  Jessica (D:2)
  An adder (D:2)
  2 worms
  2 dart slugs
  8 ball pythons
  10 endoplasms
  A giant cockroach (D:3)
  4 hobgoblins
  2 jackals (D:1)
  2 kobolds
  4 bats
  4 frilled lizards
  4 goblins
  3 rats
48 creatures vanquished.

Notes
Turn   | Place    | Note
-------+----------+-------------------------------------------
     0 | D:1      | Cheops the Ghoul Monk began the quest for the Orb.
     0 | D:1      | Reached XP level 1. HP: 19/19 MP: 0/0
   120 | D:1      | Reached XP level 2. HP: 26/26 MP: 1/1
   427 | D:1      | Found a faded altar of an unknown god.
   569 | D:1      | Reached skill level 4 in Unarmed Combat
   774 | D:2      | Reached XP level 3. HP: 31/31 MP: 2/2
  1010 | D:2      | Noticed Jessica
  1023 | D:2      | Killed Jessica
  1024 | D:2      | Reached XP level 4. HP: 18/38 MP: 3/3
  1593 | D:3      | Reached skill level 5 in Unarmed Combat
  1733 | D:3      | Noticed Sigmund
  1745 | D:3      | Slain by Sigmund

Illustrated notes

Levels and vault maps discovered:
D:1:      saegor_arrival_simple_c, layout_loops_ring,
          hellmonk_ecumenical_altar_crossroads
D:2:      layout_basic, uniq_jessica
D:3:      layout_rooms, serial_park_tiny_1, uniq_sigmund

Skill      XL: |  1  2  3  4 |
---------------+-------------+-----
Dodging        | 3 |  3.5
Unarmed Combat | 4 5 |  5.1
Fighting       | |  3.2
Stealth        | |  2.1

Action                   |  1- 3 |  4- 6 || total
-------------------------+-------+-------++-------
Melee: Unarmed           |    84 |    52 ||   136
       Punch             |       |     2 ||     2
 Stab: Sleeping          |    10 |     3 ||    13
Armor: Robe              |    15 |     4 ||    19
Dodge: Dodged            |    47 |    37 ||    84
